 Dungeon Crawl Stone Soup version 0.21-a0-509-gecc5317 (webtiles) character file.

5637 kibaces the Thaumaturge (level 10, 0/45 HPs)
             Began as a Deep Elf Air Elementalist on Nov 30, 2017.
             Was a Priest of Hepliaklqana.
             Slain by a spiny frog (18 damage)
             ... on level 1 of the Lair of Beasts.
             The game lasted 01:15:15 (10905 turns).

kibaces the Thaumaturge (DEAE)                     Turns: 10905, Time: 01:15:16

Health: 0/45       AC: 11    Str:  5    XL:     10   Next: 46%
Magic:  19/38      EV: 14    Int: 24    God:    Hepliaklqana [***...]
Gold:   457        SH:  0    Dex: 17    Spells: 16/35 levels left

rFire    . . .     SeeInvis .   (no weapon)
rCold    . . .     Gourm    .   (no shield)
rNeg     . . .     Faith    .   a - +0 robe
rPois    .         Spirit   .   y - +2 hat
rElec    .         Reflect  .   (no cloak)
rCorr    .         Harm     .   O - +0 pair of gloves
MR       +....                  (no boots)
Stlth    +++.......             o - amulet of regeneration
HPRegen  0.55/turn              E - ring of magical power
MPRegen  0.26/turn              z - +4 ring of protection

@: lethally poisoned (0 -> -3)
A: reduced essence, thin metallic scales 1, agile 1, no potion heal 1
a: Recall Ancestor, Ancestor Identity, Transference, Renounce Religion


You were on level 1 of the Lair of Beasts.
You worshipped Hepliaklqana.
Hepliaklqana was most pleased with you.
You were not hungry.

You visited 2 branches of the dungeon, and saw 9 of its levels.

You collected 457 gold pieces.

Inventory:

Armour
 a - a +0 robe (worn)
 y - a +2 hat (worn)
 O - a +0 pair of gloves (worn)
Jewellery
 o - an amulet of regeneration (around neck)
 u - an uncursed ring of flight
 z - a +4 ring of protection (right hand)
 E - a ring of magical power (left hand)
 P - a cursed amulet of rage {unknown}
 Q - an uncursed amulet of faith {unknown}
Wands
 v - a wand of iceblast (9)
 w - a wand of flame (15)
 H - a wand of scattershot (5)
 N - a wand of paralysis (9)
 R - a wand of random effects (29)
Scrolls
 f - 8 scrolls of identify
 h - 4 scrolls of blinking
 j - a scroll of enchant armour {unknown}
 m - 3 scrolls of remove curse
 p - 2 scrolls of amnesia
 r - 3 scrolls of teleportation {unknown}
 s - a scroll of noise {unknown}
 t - 3 scrolls of magic mapping
 x - a scroll of enchant weapon {unknown}
 B - 2 scrolls of immolation {unknown}
 C - a scroll of fog {unknown}
 D - a scroll of random uselessness {unknown}
 G - 2 scrolls of fear {unknown}
Potions
 e - a potion of resistance {unknown}
 i - a potion of heal wounds {unknown}
 k - a potion of agility {unknown}
 q - 3 potions of might
 A - 2 potions of cancellation {unknown}
 F - a potion of degeneration {unknown}
 K - a potion of berserk rage {unknown}
 L - a potion of lignification {unknown}
 M - a potion of brilliance {unknown}
Books
 b - a book of Air

   Spells                             Type                      Level
   a - Shock                          Conjuration/Air              1
   b - Swiftness                      Charms/Air                   2
   c - Static Discharge               Conjuration/Air              3
   d - Airstrike                      Air                          4
   e - Lightning Bolt                 Conjuration/Air              5
 n - a book of Minor Magic

   Spells                             Type                      Level
   a - Magic Dart                     Conjuration                  1
   b - Blink                          Translocation                2
   c - Call Imp                       Summoning                    2
   d - Slow                           Hexes                        2
   e - Conjure Flame                  Conjuration/Fire             3
   f - Mephitic Cloud                 Conjuration/Poison/Air       3
 I - a book of Frost

   Spells                             Type                      Level
   a - Freeze                         Ice                          1
   b - Throw Frost                    Conjuration/Ice              2
   c - Ozocubu's Armour               Charms/Ice                   3
   d - Throw Icicle                   Conjuration/Ice              4
   e - Summon Ice Beast               Ice/Summoning                4
 J - a book of Geomancy

   Spells                             Type                      Level
   a - Sandblast                      Earth                        1
   b - Passwall                       Transmutation/Earth          2
   c - Stone Arrow                    Conjuration/Earth            3
   d - Petrify                        Transmutation/Earth          4
   e - Lee's Rapid Deconstruction     Earth                        5
Comestibles
 c - 6 bread rations
 d - 3 fruits
 g - 6 meat rations
 l - 6 royal jellies


   Skills:
 + Level 3.7 Dodging
 + Level 4.5 Stealth
 + Level 13.4 Spellcasting
 + Level 6.7 Conjurations
 + Level 1.2 Translocations
 + Level 9.5 Air Magic
 + Level 0.5 Poison Magic
 + Level 0.5 Evocations


You had 16 spell levels left.
You knew the following spells:

 Your Spells              Type           Power        Failure   Level  Hunger
a - Shock                 Conj/Air       ####         1%          1    None
b - Throw Icicle          Conj/Ice       ####....     9%          4    None
c - Blink                 Tloc           N/A          3%          2    None
d - Airstrike             Air            ######....   1%          4    None
e - Mephitic Cloud        Conj/Pois/Air  #####...     1%          3    None
f - Lightning Bolt        Conj/Air       ######....   3%          5    ###....


Dungeon Overview and Level Annotations

Branches:
Dungeon (8/15)             Temple (0/1) D:5            Lair (1/6) D:8

Altars:
Ashenzari
Cheibriados
Dithmenos
Elyvilon
Gozag
Hepliaklqana
Kikubaaqudgha
Nemelex Xobeh
Wu Jian
Yredelemnul
Zin

Annotations:
D:8 Gastronok


Innate Abilities, Weirdness & Mutations

Your life essence is reduced to manifest your ancestor. (-10% HP)
You are partially covered in thin metallic scales. (AC +2)
You are agile. (Dex +2)
Potions are less effective at restoring your health.


Message History

Belesa barely misses the spiny frog.
The spiny frog closely misses you.
Casting: Throw Icicle
Confirm with . or Enter, or press ? or * to list all spells.
Aiming: Throw Icicle
Press: ? - help, Shift-Dir - straight line, f/p - spiny frog
Aim: a spiny frog (moderately wounded)
The shard of ice misses the spiny frog.
You feel sick. The spiny frog stings you!!
Belesa barely misses the spiny frog.
You feel sick.
Belesa hits the spiny frog with a flail!
The spiny frog barely misses you.
Casting: Throw Icicle
Confirm with . or Enter, or press ? or * to list all spells.
Aiming: Airstrike
Press: ? - help, Dir - move target cursor, f/p - spiny frog
Aim: a spiny frog (heavily wounded)
The air twists around and strikes the spiny frog!
The spiny frog is severely wounded.
You feel sick. The spiny frog stings you!!
You die...

..## ## ##.# ..## ##..#
##(### #...# .....#
#########'###
.....###.#.##.#....# ####.
..........##..#.#.##......
.....####..##<..#R'..#
.....# #...'...#F####
...### #.##....@..# .###
######.P#### .# #### .. ##
P +


You could see the friendly Belesa the knight and a spiny frog.

Vanquished Creatures
  A komodo dragon (Lair:1)
  The ghost of kibaces the Magician, a novice DEAE of Qazlal (D:5)
  A hippogriff (D:8)
  Sigmund (D:4)
  A spriggan (D:7)
  A yak (D:8)
  Edmund (D:5)
  2 orc warriors (D:7)
  A sky beast (D:7)
  An ice beast (D:8)
  5 ogres
  2 centaurs
  3 crocodiles
  A bullfrog (D:6)
  3 wights (D:6)
  2 vampire bats (D:7)
  3 crimson imps
  5 hounds
  A jelly (D:7)
  6 orc priests
  6 orc wizards
  A bullfrog skeleton (D:5)
  5 worker ants
  2 iguanas
  A hound zombie (D:6)
  3 gnolls (D:3)
  12 adders
  2 shadow imps
  3 oozes
  An adder zombie (D:6)
  3 worms
  4 dart slugs
  3 leopard geckos
  25 orcs
  8 bats
  3 bat skeletons (D:7)
  3 bat zombies (D:7)
  6 giant cockroaches
  8 goblins
  8 hobgoblins
  16 jackals
  2 kobolds
  4 quokkas
  2 ball pythons
  5 frilled lizards
  A jackal skeleton (D:6)
  A quokka skeleton (D:8)
  5 rats
  A fungus (Lair:1)
186 creatures vanquished.

Vanquished Creatures (collateral kills)
  A two-headed ogre (D:8)
  2 basilisks
  3 water moccasins
  An ogre (D:5)
  2 bullfrogs (D:6)
  A scorpion (D:6)
  A quasit (D:8)
  2 jellies
  2 bullfrog skeletons
  A hound (D:8)
  3 iguanas
  2 orc wizards
  2 worker ants
  A hound skeleton (D:5)
  2 worker ant zombies
  2 adders
  2 adder skeletons (D:8)
  7 orcs
  A jackal (D:4)
  A kobold (D:3)
  A fungus (D:8)
40 creatures vanquished.

Vanquished Creatures (others)
  A hound (D:5)
  A knight (Lair:1)
  3 ancestors (D:5)
  2 jackals (D:4)
7 creatures vanquished.

Grand Total: 233 creatures vanquished

Notes
Turn   | Place    | Note
-------+----------+-------------------------------------------
     0 | D:1      | kibaces the Deep Elf Air Elementalist began the quest for the Orb.
     0 | D:1      | Reached XP level 1. HP: 10/10 MP: 6/6
   452 | D:1      | Reached XP level 2. HP: 15/15 MP: 6/8
   467 | D:1      | Learned a level 2 spell: Swiftness
  1008 | D:1      | Reached skill level 4 in Spellcasting
  1117 | D:2      | Reached XP level 3. HP: 19/19 MP: 8/10
  1681 | D:2      | Found a hazy altar of Hepliaklqana.
  1798 | D:2      | Found a snail-covered altar of Cheibriados.
  2210 | D:2      | Reached XP level 4. HP: 24/24 MP: 8/12
  2970 | D:3      | Noticed an angel
  2971 | D:3      | Found a glowing silver altar of Zin.
  3272 | D:3      | Reached XP level 5. HP: 28/28 MP: 11/14
  3442 | D:2      | Became a worshipper of Hepliaklqana the Forgotten
  3465 | D:3      | Reached skill level 5 in Spellcasting
  4054 | D:3      | Gained mutation: Armour fits poorly on your strangely shaped body. [potion of mutation]
  4054 | D:3      | Gained mutation: You are clumsy. (Dex -2) [potion of mutation]
  4054 | D:3      | Gained mutation: You are somewhat resistant to further mutation. [potion of mutation]
  4065 | D:3      | Lost mutation: You are clumsy. (Dex -2) [potion of mutation]
  4065 | D:3      | Lost mutation: You are somewhat resistant to further mutation. [potion of mutation]
  4065 | D:3      | Lost mutation: Armour fits poorly on your strangely shaped body. [potion of mutation]
  4065 | D:3      | Gained mutation: Potions are less effective at restoring your health. [potion of mutation]
  4065 | D:3      | Gained mutation: You are partially covered in thin metallic scales. (AC +2) [potion of mutation]
  4065 | D:3      | Gained mutation: You are agile. (Dex +2) [potion of mutation]
  4162 | D:4      | Reached XP level 6. HP: 19/28 MP: 6/16
  4293 | D:4      | Reached skill level 6 in Spellcasting
  4405 | D:4      | Found a white marble altar of Elyvilon.
  4550 | D:4      | Found an opulent altar of Gozag.
  4550 | D:4      | Found a sparkling altar of Nemelex Xobeh.
  4604 | D:4      | Reached * piety under Hepliaklqana
  4610 | D:4      | Found a shattered altar of Ashenzari.
  4754 | D:4      | Reached XP level 7. HP: 32/32 MP: 13/18
  4976 | D:4      | Found an ornate altar of the Wu Jian Council.
  4979 | D:4      | Reached skill level 5 in Air Magic
  4983 | D:4      | Learned a level 2 spell: Blink
  4988 | D:4      | Learned a level 4 spell: Airstrike
  4992 | D:4      | Learned a level 3 spell: Mephitic Cloud
  5029 | D:5      | Entered Level 5 of the Dungeon
  5037 | D:5      | Reached skill level 7 in Spellcasting
  5222 | D:5      | Found a basalt altar of Yredelemnul.
  5314 | D:5      | Noticed Sigmund
  5372 | D:5      | Noticed kibaces's ghost (novice DEAE)
  5474 | D:4      | Killed Sigmund
  5474 | D:4      | Reached skill level 5 in Conjurations
  5474 | D:4      | Reached XP level 8. HP: 30/36 MP: 7/21
  5673 | D:5      | Killed kibaces's ghost
  5673 | D:5      | Reached skill level 8 in Spellcasting
  5960 | D:5      | Found a staircase to the Ecumenical Temple.
  6091 | D:5      | Noticed Edmund
  6106 | D:5      | Killed Edmund
  6106 | D:5      | Reached skill level 9 in Spellcasting
  6998 | D:6      | Reached XP level 9. HP: 38/40 MP: 8/24
  7170 | D:6      | Reached skill level 10 in Spellcasting
  7250 | D:6      | Reached skill level 1 in Translocations
  7545 | D:6      | Reached ** piety under Hepliaklqana
  7546 | D:6      | Remembered your ancestor Belesa as a knight
  7554 | D:6      | Found a shadowy altar of Dithmenos.
  8391 | D:7      | Reached skill level 11 in Spellcasting
  8732 | D:7      | Found an ancient bone altar of Kikubaaqudgha.
  8893 | D:7      | Reached *** piety under Hepliaklqana
  9231 | D:8      | Noticed Gastronok
  9270 | D:8      | Learned a level 4 spell: Throw Icicle
  9276 | D:8      | Learned a level 5 spell: Lightning Bolt
  9415 | D:8      | Noticed a two-headed ogre
  9433 | D:8      | Killed a two-headed ogre
  9433 | D:8      | Reached skill level 12 in Spellcasting
  9433 | D:8      | Reached XP level 10. HP: 45/45 MP: 20/28
  9913 | D:8      | Found a staircase to the Lair.
 10373 | Lair:1   | Entered Level 1 of the Lair of Beasts
 10385 | Lair:1   | Reached skill level 13 in Spellcasting
 10898 | Lair:1   | Noticed a spiny frog
 10905 | Lair:1   | Slain by a spiny frog

Vault maps used:
D:1:      minmay_arrival_semitransparent, serial_glass, glass_columns_b,
          glass_columns_a, glass_columns_b, glass_columns_c, glass_columns_a,
          glass_columns_a, glass_columns_b, glass_columns_c, glass_columns_a,
          glass_columns_b, glass_columns_a, glass_columns_a, glass_columns_b,
          glass_columns_a
D:2:      nicolae_overflow_hidden_temple, kennysheep_slug_shrine
D:3:      zin_angel
D:4:      grunt_temple_overflow_opulence, cheibrodos_ashenzari_chains,
          kennysheep_little_box, elyvilon_altar_4, first_bread,
          nicolae_ossuary_entry_plus
D:5:      minmay_opposing_rooms, overflow_temple_1_default, temple_fountains,
          uniq_edmund, uniq_sigmund
D:6:      grunt_dithmenos_smoke, minmay_misc_feat_ornament
D:7:      lemuel_upstairs_altar, kennysheep_vampire_church, the_bakery
D:8:      david_lair_generic, uniq_gastronok
Lair:1:   minivault_25

Skill      XL: |  1  2  3  4  5  6  7  8  9 10 |
---------------+-------------------------------+-----
Spellcasting   | 4 5 6 7 9 12 13 | 13.4
Conjurations   | 2 3 4 5 6 |  6.7
Air Magic      | 4 5 7 8 9 |  9.5
Stealth        | 3 4 |  4.5
Dodging        | 3 |  3.7
Translocations | 1 |  1.2
Poison Magic   | |  0.5
Evocations     | |  0.5

Action                   |  1- 3 |  4- 6 |  7- 9 | 10-12 || total
-------------------------+-------+-------+-------+-------++-------
Melee: Unarmed           |     7 |       |     2 |     2 ||    11
 Cast: Shock             |   112 |   150 |   216 |    46 ||   524
       Mephitic Cloud    |       |       |    13 |     2 ||    15
       Airstrike         |       |       |    55 |    21 ||    76
       Blink             |       |       |     6 |     1 ||     7
       Throw Icicle      |       |       |       |     7 ||     7
       Lightning Bolt    |       |       |       |     1 ||     1
Invok: Recall Ancestor   |       |       |     1 |     1 ||     2
       Ancestor Identity |       |       |     1 |       ||     1
       Ancestor Life: Kn |       |       |     1 |       ||     1
Evoke: Wand              |       |       |     7 |       ||     7
  Use: Potion            |       |     2 |       |       ||     2
       Scroll            |       |     1 |     4 |       ||     5
  Eat: Chunk             |     3 |     7 |     9 |     2 ||    21
       Fruit             |       |     1 |       |       ||     1
       Meat ration       |       |       |     1 |       ||     1
       Bread ration      |       |       |     1 |       ||     1
Armor: Robe              |    16 |     1 |    16 |     4 ||    37
Dodge: Dodged            |    45 |    17 |    62 |    15 ||   139

Table legend:
 A = Spawn XP
 B = Non-spawn XP
 C = Spawn XP percentage of total XP
 D = Spawn monster count
 E = Non-spawn monster count
 F = Spawn count percentage of total count
 G = Total turns spent on level
                    A         B        C        D         E        F      G
               +---------+---------+-------+---------+---------+-------+---------
         Total |       0 |    8053 |   0.0 |       0 |     225 |   0.0 | 10905
               +---------+---------+-------+---------+---------+-------+---------
           D:1 |       0 |      41 |   0.0 |       0 |      24 |   0.0 |  1395
           D:2 |       0 |      97 |   0.0 |       0 |      24 |   0.0 |  1622
           D:3 |       0 |     179 |   0.0 |       0 |      27 |   0.0 |  1064
           D:4 |       0 |     967 |   0.0 |       0 |      32 |   0.0 |  1434
           D:5 |       0 |    1194 |   0.0 |       0 |      33 |   0.0 |  1238
           D:6 |       0 |    1009 |   0.0 |       0 |      33 |   0.0 |  1215
           D:7 |       0 |    1156 |   0.0 |       0 |      28 |   0.0 |  1430
           D:8 |       0 |    2340 |   0.0 |       0 |      18 |   0.0 |   975
        Lair:1 |       0 |    1070 |   0.0 |       0 |       6 |   0.0 |   532
               +---------+---------+-------+---------+---------+-------+---------
